Map: Torres Crepusculares

Players

TheZergLord - Winner!

  • Race: Zerg Zerg
  • League: Master

phoenix

  • Race: Zerg Zerg
  • League: Master

VOD

Have the link to the VOD?

Description

Time

  • Played on: May 6, 2016, 7:35 a.m.
  • Length: 4:44
Show
View Real Time Build Order
Export as new Build Order

TheZergLord Zerg - Winner!

Build Orders: Hatch First 

Get SALT Encoding   

  12  0:01  Drone  
  13  0:12  Overlord  
  13  0:17  Drone  
  14  0:32  Drone x2  
  14  0:34  Drone  
  17  0:52  Hatchery  
  16  0:58  Drone  
  17  1:12  Spawning Pool  
  17  1:14  Extractor  
  17  1:15  Drone  
  17  1:17  Drone  
  17  1:21  Drone  
  18  1:29  Drone  
  19  1:40  Overlord  
  19  1:59  Queen  
  19  2:00  Zergling x2  
  22  2:02  Zergling x2  
  22  2:05  Queen  
  22  2:07  Drone  
  26  2:16  Metabolic Boost  
  26  2:20  Drone x2  
  28  2:23  Drone  
  28  2:29  Drone  
  30  2:34  Drone  
  31  2:40  Drone  
  32  2:48  Hatchery  
  31  2:56  Baneling Nest  
  30  3:04  Drone  
  30  3:06  Overlord  
  30  3:08  Zergling x6  
  33  3:19  Zergling x6  
  35  3:26  Zergling x6  
  39  3:27  Zergling x4  
  40  3:35  Zergling x2  
  40  3:37  Overlord  
  41  3:43  Zergling x2  
  41  3:44  Zergling x4  
  41  3:46  Baneling x2  
  41  3:47  Baneling x2  
  44  3:52  Overlord  
  44  4:01  Drone  
  44  4:02  Drone x5  
  50  4:05  Baneling  
  50  4:06  Baneling x2  
Show
View Real Time Build Order
Export as new Build Order

phoenix Zerg 

Build Orders: Hatch First 

Get SALT Encoding   

  12  0:01  Drone  
  13  0:12  Overlord  
  13  0:19  Drone  
  14  0:31  Drone x2  
  16  0:35  Drone  
  17  0:45  Drone  
  18  0:56  Hatchery  
  17  0:57  Drone  
  18  1:06  Drone  
  19  1:13  Spawning Pool  
  19  1:17  Drone  
  19  1:18  Extractor  
  18  1:29  Overlord  
  18  1:40  Drone  
  19  1:52  Drone  
  20  2:03  Queen, Zergling x2  
  23  2:08  Queen  
  23  2:11  Drone  
  23  2:12  Zergling x2  
  27  2:21  Drone  
  28  2:24  Overlord  
  28  2:27  Metabolic Boost  
  28  2:34  Drone x2  
  30  2:39  Queen  
  32  2:49  Drone x2  
  31  3:07  Drone x4  
  35  3:26  Hatchery  
  34  3:27  Roach Warren  
  34  3:29  Drone  
  34  3:30  Drone x6  
  34  3:32  Extractor x2  
  38  3:40  Overlord  
  38  3:42  Overlord  
  39  3:58  Drone x3  
  39  4:00  Drone  
  43  4:09  Roach x3  
  49  4:15  Roach  
  45  4:25  Roach x2  
Tags
 
Add a new tag
Caveats
  • Supply blocks, unpowered buildings, or Contaminate may cause inaccurate times.
  • Supply counts are checked every 10 seconds.